General information
- name: BNet
- type: Ladder team game (AT/RT)
- host: Battle.net
- saver: Liko
map: TwilightRuins
- players: 8
- length: 21:21
- speed: Fast
- version: 1.26 W3XP
- replay type: Public
» download(202 KB)
Players
team 1 (winner)

»
Kejii (
green | 49 APM | 1037 actions | 21:20)
6 Mountain King
3 Storm Bolt
2 Bash
1 Avatar
3 Archmage
2 Brilliance Aura
1 Blizzard
» actions
| Assign group hotkey | 2 | |
| Basic commands | 160 | |
| Build / train | 93 | |
| Enter build submenu | 23 | |
| Enter hero's abilities submenu | 10 | |
| Remove unit from queue | 4 | |
| Right click | 341 | |
| Select / deselect | 320 | |
| Select group hotkey | 1 | |
| Use ability | 82 | |
1037 total
» units
| Peasant | 17 | |
| Footman | 8 | |
| Sorceress | 9 | |
| Mortar Team | 8 | |
| Rifleman | 7 | |
49 total
» upgrades
| Defend | 1 | |
| Masonry | 2 | |
| Lumber Harvesting | 1 | |
| Sorceress Training | 2 | |
| Plating | 1 | |
| Gunpowder | 3 | |
| Fragmentation Shards | 1 | |
| Long Rifles | 1 | |
12 total
» buildings
| Altar of Kings | 1 | |
| Farm | 13 | |
| Scout Tower | 7 | |
| Barracks | 1 | |
| Lumber Mill | 1 | |
| Arcane Tower | 1 | |
| Keep | 1 | |
| Arcane Vault | 1 | |
| Town Hall | 1 | |
| Guard Tower | 5 | |
| Arcane Sanctum | 1 | |
| Castle | 1 | |
| Blacksmith | 1 | |
| Workshop | 1 | |
36 total
» build order
00:23 Altar of Kings
00:26 Farm
00:29 Scout Tower
00:37 Farm
00:40 Farm
01:06 Barracks
01:44 Lumber Mill
02:32 Arcane Tower
04:07 Keep
04:09 Arcane Vault
04:20 Scout Tower
04:21 Scout Tower
04:22 Scout Tower
04:23 Scout Tower
04:24 Scout Tower
04:53 Town Hall
04:56 Guard Tower
05:16 Guard Tower
05:19 Guard Tower
05:36 Guard Tower
06:37 Arcane Sanctum
07:30 Castle
07:34 Blacksmith
08:21 Farm
08:25 Farm
08:25 Farm
09:56 Workshop
10:59 Scout Tower
11:41 Farm
11:42 Farm
11:43 Farm
11:46 Guard Tower
18:02 Farm
18:03 Farm
18:03 Farm
18:04 Farm
» items
| Scroll of Regeneration | 2 | |
| Potion of Healing | 1 | |
| Potion of Mana | 1 | |
| Scroll of Town Portal | 5 | |
9 total
shadradoo (
pink | 100 APM | 2126 actions | 21:20)
8 Warden
3 Fan of Knives
3 Shadow Strike
1 Spirit of Vengeance
1 Blink
» actions
| Assign group hotkey | 17 | |
| Basic commands | 145 | |
| Build / train | 84 | |
| Enter build submenu | 16 | |
| Enter hero's abilities submenu | 8 | |
| Give item / drop item | 5 | |
| Right click | 806 | |
| Select / deselect | 447 | |
| Select group hotkey | 457 | |
| Use ability | 141 | |
2126 total
» units
| Wisp | 15 | |
| Archer | 3 | |
| Huntress | 5 | |
| Druid of the Talon | 5 | |
| Chimaera | 4 | |
| Hippogryph | 3 | |
35 total
» upgrades
| Strength of the Wild | 2 | |
| Reinforced Hides | 1 | |
| Druid of the Talon Training | 2 | |
| Mark of the Talon | 1 | |
| Well Spring | 1 | |
| Corrosive Breath | 1 | |
8 total
» buildings
| Altar of Elders | 1 | |
| Moon Well | 7 | |
| Ancient of War | 1 | |
| Hunter's Hall | 1 | |
| Ancient of Wonders | 1 | |
| Tree of Ages | 1 | |
| Ancient of Wind | 2 | |
| Tree of Eternity | 1 | |
| Chimaera Roost | 2 | |
17 total
» build order
00:10 Altar of Elders
00:20 Moon Well
01:02 Ancient of War
01:16 Moon Well
02:06 Hunter's Hall
03:13 Moon Well
03:31 Ancient of Wonders
04:15 Tree of Ages
05:23 Moon Well
06:46 Ancient of Wind
07:07 Ancient of Wind
07:21 Moon Well
07:24 Moon Well
08:21 Tree of Eternity
08:44 Moon Well
11:04 Chimaera Roost
11:05 Chimaera Roost
» items
| Lesser Clarity Potion | 4 | |
| Dust of Appearance | 1 | |
| Potion of Mana | 4 | |
| Potion of Healing | 4 | |
| Replenishment Potion | 1 | |
| Boots of Speed | 1 | |
| Scroll of Town Portal | 2 | |
| Staff of Teleportation | 1 | |
| Scroll of Regeneration | 2 | |
20 total
Liko (
orange | 103 APM | 2197 actions | 21:21)
6 Death Knight
2 Death Coil
3 Unholy Aura
1 Animate Dead
6 Dark Ranger
3 Silence
2 Black Arrow
1 Charm
6 Pit Lord
3 Howl of Terror
2 Cleaving Attack
1 Doom
» actions
| Assign group hotkey | 50 | |
| Basic commands | 174 | |
| Build / train | 104 | |
| ESC pressed | 1 | |
| Enter build submenu | 24 | |
| Enter hero's abilities submenu | 18 | |
| Give item / drop item | 6 | |
| Remove unit from queue | 2 | |
| Right click | 643 | |
| Select / deselect | 407 | |
| Select group hotkey | 668 | |
| Use ability | 100 | |
2197 total
» units
| Acolyte | 9 | |
| Ghoul | 4 | |
| Crypt Fiend | 7 | |
| Frost Wyrm | 8 | |
| Goblin Sapper | 5 | |
33 total
» upgrades
| Cannibalize | 1 | |
| Burrow | 1 | |
| Web | 1 | |
| Creature Carapace | 3 | |
| Freezing Breath | 1 | |
| Creature Attack | 1 | |
8 total
» buildings
| Graveyard | 1 | |
| Crypt | 1 | |
| Altar of Darkness | 1 | |
| Ziggurat | 8 | |
| Tomb of Relics | 2 | |
| Halls of the Dead | 1 | |
| Necropolis | 1 | |
| Black Citadel | 1 | |
| Sacrificial Pit | 1 | |
| Nerubian Tower | 4 | |
| Boneyard | 2 | |
| Tree of Life | 1 | |
24 total
» build order
00:09 Graveyard
00:17 Crypt
00:45 Altar of Darkness
01:01 Ziggurat
01:50 Tomb of Relics
02:05 Ziggurat
03:41 Halls of the Dead
04:07 Necropolis
06:37 Black Citadel
07:20 Ziggurat
07:21 Sacrificial Pit
07:25 Tomb of Relics
08:27 Nerubian Tower
09:00 Boneyard
09:53 Boneyard
09:58 Ziggurat
10:17 Ziggurat
13:08 Ziggurat
13:10 Nerubian Tower
13:10 Nerubian Tower
20:13 Ziggurat
20:15 Ziggurat
20:53 Tree of Life
» items
| Rod of Necromancy | 1 | |
| Sacrificial Skull | 2 | |
| Scroll of Town Portal | 4 | |
| Boots of Speed | 2 | |
| Potion of Lesser Invulnerability | 3 | |
| Moonstone | 1 | |
| Lesser Clarity Potion | 1 | |
| Potion of Healing | 1 | |
| Potion of Mana | 1 | |
| Orb of Corruption | 2 | |
| Scroll of Healing | 4 | |
| Periapt of Vitality | 1 | |
23 total

»
EvaN (
yellow | 71 APM | 1509 actions | 21:20)
4 Warden
2 Shadow Strike
1 Fan of Knives
1 Blink
3 Naga Sea Witch
2 Frost Arrows
1 Forked Lightning
» actions
| Assign group hotkey | 6 | |
| Basic commands | 46 | |
| Build / train | 97 | |
| Enter build submenu | 21 | |
| Enter hero's abilities submenu | 7 | |
| Give item / drop item | 4 | |
| Right click | 684 | |
| Select / deselect | 533 | |
| Select group hotkey | 28 | |
| Use ability | 83 | |
1509 total
» units
| Wisp | 25 | |
| Archer | 6 | |
| Dryad | 21 | |
| Druid of the Talon | 3 | |
| Chimaera | 9 | |
64 total
» upgrades
| Strength of the Wild | 3 | |
| Druid of the Talon Training | 1 | |
| Reinforced Hides | 3 | |
| Nature's Blessing | 1 | |
| Abolish Magic | 1 | |
9 total
» buildings
| Altar of Elders | 1 | |
| Moon Well | 7 | |
| Ancient of War | 1 | |
| Tree of Ages | 1 | |
| Hunter's Hall | 1 | |
| Tree of Life | 1 | |
| Ancient of Lore | 2 | |
| Ancient of Wonders | 1 | |
| Tree of Eternity | 1 | |
| Ancient of Wind | 1 | |
| Chimaera Roost | 1 | |
| Ancient Protector | 3 | |
21 total
» build order
00:08 Altar of Elders
00:19 Moon Well
00:33 Ancient of War
01:30 Moon Well
02:36 Tree of Ages
02:58 Moon Well
03:40 Hunter's Hall
04:44 Tree of Life
05:06 Ancient of Lore
05:30 Ancient of Wonders
06:44 Tree of Eternity
07:30 Ancient of Wind
08:44 Moon Well
10:32 Chimaera Roost
10:38 Ancient Protector
10:44 Moon Well
11:55 Moon Well
13:19 Ancient of Lore
14:05 Ancient Protector
14:30 Moon Well
15:47 Ancient Protector
» items
| Orb of Venom | 1 | |
| Scroll of Town Portal | 3 | |
| Potion of Mana | 1 | |
| Potion of Healing | 2 | |
7 total
team 2 (loser)
Source (
red | 70 APM | 1490 actions | 21:17)
5 Archmage
3 Summon Water Elemental
2 Brilliance Aura
2 Mountain King
1 Storm Bolt
1 Bash
4 Paladin
2 Holy Light
2 Devotion Aura
» actions
| Assign group hotkey | 63 | |
| Basic commands | 27 | |
| Build / train | 85 | |
| Enter build submenu | 31 | |
| Enter hero's abilities submenu | 11 | |
| Give item / drop item | 3 | |
| Remove unit from queue | 1 | |
| Right click | 485 | |
| Select / deselect | 343 | |
| Select group hotkey | 269 | |
| Use ability | 172 | |
1490 total
» units
| Peasant | 16 | |
| Footman | 2 | |
| Goblin Shredder | 1 | |
| Gryphon Rider | 14 | |
33 total
» upgrades
| Storm Hammers | 1 | |
| Swords | 2 | |
| Armor | 2 | |
5 total
» buildings
| Lumber Mill | 1 | |
| Altar of Kings | 1 | |
| Farm | 10 | |
| Arcane Vault | 1 | |
| Scout Tower | 5 | |
| Town Hall | 1 | |
| Barracks | 1 | |
| Keep | 1 | |
| Arcane Tower | 2 | |
| Guard Tower | 2 | |
| Castle | 1 | |
| Gryphon Aviary | 4 | |
| Blacksmith | 1 | |
| Arcane Sanctum | 1 | |
32 total
» build order
00:28 Lumber Mill
00:35 Altar of Kings
00:51 Farm
01:07 Farm
01:31 Arcane Vault
02:21 Farm
02:53 Scout Tower
03:41 Town Hall
03:43 Scout Tower
03:45 Scout Tower
03:48 Scout Tower
03:59 Barracks
04:15 Keep
04:20 Arcane Tower
04:41 Arcane Tower
04:51 Guard Tower
05:47 Scout Tower
07:01 Guard Tower
07:08 Castle
07:26 Farm
07:28 Farm
07:30 Farm
08:42 Gryphon Aviary
08:44 Gryphon Aviary
08:59 Gryphon Aviary
09:05 Farm
09:07 Farm
09:30 Gryphon Aviary
10:27 Blacksmith
11:02 Farm
11:03 Farm
20:27 Arcane Sanctum
» items
| Lesser Clarity Potion | 1 | |
| Scroll of Regeneration | 4 | |
| Boots of Speed | 1 | |
| Potion of Healing | 5 | |
| Staff of Sanctuary | 2 | |
| Scroll of Town Portal | 5 | |
| Potion of Lesser Invulnerability | 2 | |
| Dust of Appearance | 1 | |
21 total
Wolstenholme (
teal | 66 APM | 1406 actions | 21:18)
5 Death Knight
2 Death Coil
3 Unholy Aura
3 Lich
2 Frost Nova
1 Frost Armor
2 Dreadlord
1 Sleep
1 Vampiric Aura
» actions
| Assign group hotkey | 36 | |
| Basic commands | 134 | |
| Build / train | 86 | |
| Enter build submenu | 17 | |
| Enter hero's abilities submenu | 10 | |
| Right click | 282 | |
| Select / deselect | 228 | |
| Select group hotkey | 550 | |
| Use ability | 63 | |
1406 total
» units
| Acolyte | 8 | |
| Ghoul | 7 | |
| Crypt Fiend | 9 | |
| Frost Wyrm | 25 | |
49 total
» upgrades
| Creature Attack | 2 | |
| Web | 1 | |
| Creature Carapace | 2 | |
5 total
» buildings
| Ziggurat | 8 | |
| Crypt | 1 | |
| Graveyard | 1 | |
| Altar of Darkness | 1 | |
| Nerubian Tower | 4 | |
| Tomb of Relics | 1 | |
| Halls of the Dead | 1 | |
| Necropolis | 1 | |
| Black Citadel | 1 | |
| Spirit Tower | 5 | |
| Sacrificial Pit | 1 | |
| Boneyard | 2 | |
27 total
» build order
00:12 Ziggurat
00:17 Crypt
00:44 Graveyard
01:02 Altar of Darkness
01:29 Ziggurat
01:51 Nerubian Tower
02:05 Tomb of Relics
03:25 Halls of the Dead
04:12 Ziggurat
06:47 Necropolis
07:06 Black Citadel
07:34 Ziggurat
07:37 Ziggurat
07:40 Ziggurat
08:35 Spirit Tower
08:37 Nerubian Tower
08:37 Nerubian Tower
08:50 Spirit Tower
08:57 Sacrificial Pit
09:52 Boneyard
10:31 Boneyard
11:03 Ziggurat
11:07 Ziggurat
11:58 Spirit Tower
12:04 Spirit Tower
» items
flUd (
blue | 45 APM | 962 actions | 21:10)
5 Demon Hunter
2 Mana Burn
3 Evasion
» actions
| Assign group hotkey | 8 | |
| Basic commands | 65 | |
| Build / train | 68 | |
| ESC pressed | 1 | |
| Enter build submenu | 19 | |
| Enter hero's abilities submenu | 5 | |
| Right click | 414 | |
| Select / deselect | 327 | |
| Use ability | 55 | |
962 total
» units
| Wisp | 20 | |
| Huntress | 6 | |
| Druid of the Claw | 7 | |
| Dryad | 15 | |
48 total
» upgrades
| Strength of the Wild | 3 | |
| Reinforced Hides | 2 | |
| Druid of the Claw Training | 2 | |
| Abolish Magic | 1 | |
8 total
» buildings
| Moon Well | 6 | |
| Altar of Elders | 1 | |
| Hunter's Hall | 1 | |
| Ancient of War | 1 | |
| Ancient Protector | 2 | |
| Tree of Ages | 1 | |
| Ancient of Lore | 2 | |
| Tree of Eternity | 1 | |
| Tree of Life | 1 | |
| Ancient of Wonders | 2 | |
18 total
» build order
00:22 Moon Well
00:35 Altar of Elders
01:28 Hunter's Hall
01:55 Ancient of War
02:05 Moon Well
02:19 Moon Well
02:39 Ancient Protector
03:31 Tree of Ages
06:02 Ancient of Lore
06:08 Tree of Eternity
06:12 Ancient of Lore
07:21 Moon Well
08:10 Tree of Life
09:10 Ancient Protector
10:50 Ancient of Wonders
11:02 Ancient of Wonders
12:10 Moon Well
13:10 Moon Well
» items
| Scroll of Town Portal | 2 | |
| Orb of Venom | 1 | |
| Potion of Healing | 1 | |
4 total
sea1_glum (
purple | 113 APM | 2417 actions | 21:19)
3 Death Knight
2 Death Coil
1 Unholy Aura
» actions
| Assign group hotkey | 26 | |
| Basic commands | 65 | |
| Build / train | 80 | |
| Enter build submenu | 28 | |
| Enter hero's abilities submenu | 3 | |
| Remove unit from queue | 18 | |
| Right click | 1144 | |
| Select / deselect | 397 | |
| Select group hotkey | 560 | |
| Use ability | 96 | |
2417 total
» units
| Acolyte | 9 | |
| Ghoul | 5 | |
| Crypt Fiend | 14 | |
| Goblin Shredder | 1 | |
| Obsidian Statue | 5 | |
| Necromancer | 6 | |
| Frost Wyrm | -13 | |
27 total
» upgrades
| Burrow | 1 | |
| Web | 1 | |
| Creature Attack | 2 | |
| Skeletal Mastery | 1 | |
| Unholy Strength | 1 | |
| Freezing Breath | 1 | |
| Necromancer Training | 1 | |
8 total
» buildings
| Crypt | 3 | |
| Altar of Darkness | 1 | |
| Ziggurat | 10 | |
| Graveyard | 1 | |
| Tomb of Relics | 1 | |
| Nerubian Tower | 3 | |
| Halls of the Dead | 3 | |
| Necropolis | 2 | |
| Black Citadel | 1 | |
| Spirit Tower | 2 | |
| Slaughterhouse | 1 | |
| Temple of the Damned | 1 | |
| Sacrificial Pit | 1 | |
| Boneyard | 2 | |
32 total
» build order
00:09 Crypt
00:12 Altar of Darkness
00:36 Ziggurat
01:00 Graveyard
01:27 Ziggurat
01:54 Tomb of Relics
02:37 Nerubian Tower
04:34 Ziggurat
06:26 Halls of the Dead
06:34 Crypt
06:35 Crypt
06:38 Ziggurat
06:45 Ziggurat
07:42 Necropolis
07:44 Ziggurat
07:46 Ziggurat
08:53 Ziggurat
11:02 Black Citadel
11:06 Spirit Tower
11:08 Ziggurat
11:09 Ziggurat
11:22 Slaughterhouse
11:27 Temple of the Damned
12:05 Sacrificial Pit
12:49 Spirit Tower
13:24 Boneyard
14:18 Boneyard
19:04 Halls of the Dead
19:43 Halls of the Dead
19:47 Nerubian Tower
19:48 Nerubian Tower
20:25 Necropolis
» items
| Rod of Necromancy | 5 | |
| Scroll of Protection | 3 | |
| Scroll of Town Portal | 1 | |
| Orb of Corruption | 2 | |
| Dust of Appearance | 1 | |
12 total
Chat log
(00:08 / Allies) Kejii: Howdy folks.
(00:18 / All) Kejii: Glhf.
(00:39 / Allies) shadradoo: hey son
(00:58 / Allies) Kejii: Hi Liko.
(01:04 / Allies) Liko: hey hey
(01:07 / Allies) Liko: gl hf dude
(01:14 / Allies) Liko: dk fiend fast expo to hit
(01:16 / Allies) Liko: frost prob
(01:20 / Allies) shadradoo: thanks for ignoring me
(01:25 / Allies) Kejii: I saw it pinjk
(01:27 / Allies) Kejii: I apologize.
(01:49 / Allies) shadradoo: say "hello dad"
(01:53 / Allies) Kejii: Ew
(02:00 / Allies) shadradoo: say it damnit
(02:06 / Allies) Kejii: I don't want to.
(02:17 / Allies) shadradoo: fine then i dont want to win
(04:38 / Allies) Kejii: Does nayone have extra wood?
(04:47 / Allies) Kejii: Thank you good sir.
(05:10 / Allies) Kejii: Teching.
(05:25 / Allies) Kejii: Care they tp.
(05:42 / Allies) shadradoo: they will come for me
(05:50 / Allies) Kejii: Constant pressure.
(06:14 / Allies) Liko: yelow tav pls
(06:27 / Allies) Liko: ty
(06:29 / Allies) shadradoo: share me too
(06:37 / Allies) shadradoo: nvm
(08:49 / Allies) Kejii: I have poly soon.
(11:04 / Allies) Kejii: Upgraded towers ftw
(12:51 / Allies) shadradoo: gj
(12:56 / Allies) Kejii: Slow stun ftw
(13:28 / Allies) Kejii: Yo pink
(13:31 / Allies) Kejii: Build a shop
(14:05 / Allies) shadradoo: bryt
(15:18 / Allies) Kejii: I need to heal
(15:20 / Allies) Kejii: Sorry
(15:40 / Allies) Kejii: lets go again
(16:02 / Allies) Kejii: I'll nuke which ever hero
(16:05 / Allies) Kejii: U target
(16:06 / Allies) EvaN: no shop?
(16:07 / Allies) EvaN: lol
(16:09 / Allies) shadradoo: ill knive everything
(16:42 / Allies) Kejii: B
(16:43 / Allies) Kejii: B
(16:43 / Allies) Kejii: B
(16:44 / Allies) Kejii: B
(16:44 / Allies) Kejii: B
(16:55 / Allies) Kejii: we needh elp top
(16:55 / Allies) Kejii: now
(16:59 / Allies) shadradoo: yea
(17:26 / Allies) shadradoo: morph
(17:32 / Allies) Kejii: NO mana
(17:33 / Allies) Kejii: Sorry
(17:36 / Allies) shadradoo: oh ok
(17:38 / Allies) shadradoo: no worries
(17:44 / Allies) Kejii: Hit
(17:45 / Allies) Kejii: Hard now
(17:51 / Allies) Kejii: ed left
(18:12 / All) EvaN: rofl so lucky
(18:17 / Allies) Kejii: Yellow
(18:19 / Allies) Kejii: Goodjob downt here
(18:29 / Allies) EvaN: fucking bullshit
(18:31 / Allies) EvaN: that stun on mk
(18:32 / Allies) Kejii: ???
(18:33 / Allies) EvaN: couldnt tp
(18:36 / Allies) Kejii: Oh
(19:18 / Allies) Kejii: Heal main
(19:25 / Allies) EvaN: FIX
(19:26 / Allies) EvaN: FIX
(20:11 / Allies) shadradoo: awesome job guys
(20:17 / Allies) Kejii: I have no TP
(20:20 / Allies) Kejii: So saveme if I'm hit.
(20:20 / Allies) shadradoo: same
(20:22 / Allies) shadradoo: gotta win
(20:41 / Allies) shadradoo: hero
(21:11 / All) Source: gg
(21:13 / All) shadradoo: gg
(21:14 / All) Kejii: gg